 Dungeon Crawl Stone Soup version 0.19.0-19-g8c6edcc (webtiles) character file.

2086 bombpersons the Reanimator (level 9, -2/65 HPs)
             Began as a Mummy Necromancer on Nov 13, 2016.
             Was an Initiate of Gozag.
             Killed from afar by no0bjke's ghost (5 damage)
             ... with a magic dart
             ... on level 7 of the Dungeon on Nov 14, 2016.
             The game lasted 01:02:45 (9518 turns).

bombpersons the Reanimator (Mummy Necromancer)      Turns: 9518, Time: 01:02:48

Health: -2/65      AC:  5    Str: 12    XL:     9   Next: 6%
Magic:  19/19      EV: 12    Int: 17    God:    Gozag
Gold:   169        SH:  0    Dex: 12    Spells: 5 memorised, 8 levels left

rFire  x . .     SeeInvis .     m - +4 quarterstaff (chaos)
rCold  + . .     Gourm    .     a - +0 robe
rNeg   + + +     Faith    .     (shield currently unavailable)
rPois  ∞         Spirit   .     (no helmet)
rElec  .         Reflect  .     n - +2 cloak
rCorr  .         Harm     .     (no gloves)
MR     +....                    (no boots)
Stlth  ++........               (no amulet)
                                (no ring)
                                (no ring)

@: no status effects
A: no food or potions, fire vulnerability, cold resistance 1, negative energy
resistance 3, torment resistance, unbreathing
a: Potion Petition, Call Merchant, Bribe Branch, Renounce Religion


You were on level 7 of the Dungeon.
You worshipped Gozag.
Gozag was aware of your devotion.
You were not hungry.

You visited 2 branches of the dungeon, and saw 8 of its levels.

You collected 581 gold pieces.
You paid 412 gold pieces to Gozag.

Inventory:

Hand Weapons
 f - a +0 short sword
 m - a +4 quarterstaff of chaos (weapon)
Missiles
 g - 203 stones (quivered)
Armour
 a - a +0 robe (worn)
 n - a +2 cloak (worn)
Magical Staves
 k - an uncursed staff of cold {unknown}
Jewellery
 e - a +6 ring of evasion {unknown}
 j - a +3 ring of evasion {unknown}
 q - an uncursed ring of ice {unknown}
Wands
 c - a wand of polymorph (9/24)
 d - a wand of polymorph (10/24)
 l - a wand of iceblast (8/15)
 o - a wand of polymorph (15/24)
Scrolls
 i - 6 scrolls of remove curse
Books
 b - a book of Necromancy

   Spells                             Type                      Level
   a - Pain                           Necromancy                   1
   b - Animate Skeleton               Necromancy                   1
   c - Vampiric Draining              Necromancy                   3
   d - Regeneration                   Charms/Necromancy            3
   e - Animate Dead                   Necromancy                   4
   f - Control Undead                 Necromancy                   4
Comestibles
 h - 8 fruits


   Skills:
 + Level 4.2 Fighting
 + Level 3.2 Staves
 - Level 1.5 Dodging
 - Level 1.5 Stealth
 * Level 6.9 Spellcasting
 * Level 8.2 Necromancy


You had 8 spell levels left.
You knew the following spells:

 Your Spells              Type           Power        Failure   Level  Hunger
a - Pain                  Necr           ####         1%          1    N/A
b - Animate Skeleton      Necr           N/A          1%          1    N/A
c - Animate Dead          Necr           N/A          4%          4    N/A
d - Control Undead        Necr           ####......   4%          4    N/A
e - Vampiric Draining     Necr           ####......   1%          3    N/A

Dungeon Overview and Level Annotations

Branches:
Dungeon (7/15)             Temple (1/1) D:4

Altars:
Elyvilon
Fedhas
Gozag
Hepliaklqana
Kikubaaqudgha
Makhleb
Nemelex Xobeh
Qazlal
Trog
Vehumet
Xom
Yredelemnul

Annotations:
D:7 no0bjke's ghost, novice DECj


Innate Abilities, Weirdness & Mutations

You do not eat or drink.
Your flesh is vulnerable to fire.
You are immune to poison.
Your flesh is cold resistant. (rC+)
You are immune to negative energy. (rN+++)
You are immune to unholy pain and torment.
You can survive without breathing.


Message History

The magic dart hits you!
You miss no0bjke's ghost.
No0bjke's ghost is severely damaged.
No0bjke's ghost barely misses you.
The freed slave hits no0bjke's ghost.
No0bjke's ghost hits you.
The freed slave misses no0bjke's ghost.
You barely miss no0bjke's ghost.
No0bjke's ghost is almost destroyed.
No0bjke's ghost points at you and mumbles some strange words.
The magic dart hits you!
* * * LOW HITPOINT WARNING * * *
The freed slave misses no0bjke's ghost.
You closely miss no0bjke's ghost.
No0bjke's ghost is almost destroyed.
No0bjke's ghost gestures at you while chanting.
The magic dart hits you!
* * * LOW HITPOINT WARNING * * *
No0bjke's ghost points at you and mumbles some strange words.
The magic dart hits you!
You die...
Your body crumbles into a pile of gold.

...........#.!.......#
..........####......##
#...................#
#..................##
##...................#
.....................#
......p..............#
...........########### .
........W@##8###8###8#..
...##..p................
. .##...................
.......................
......#...#8###8###8#p.
.......#...#######
.......#....)p#
...>...######## .....


You could see no0bjke's ghost and 2 neutral freed slaves.

Vanquished Creatures
  Pikel (D:7)
  A mottled dragon (D:7)
  A swamp drake (D:5)
  An orc warrior (D:6)
  A sky beast (D:5)
  A centaur (D:5)
  3 ogres
  A bullfrog (D:6)
  A scorpion (D:4)
  2 crimson imps
  A centaur zombie (D:5)
  Crazy Yiuf (D:3)
  2 orc priests (D:3)
  3 hounds
  A human zombie (D:3)
  An orc wizard (D:6)
  A human skeleton (D:3)
  6 worker ants
  2 hound zombies
  A hound skeleton (D:4)
  A howler monkey zombie (D:5)
  3 gnolls (D:4)
  6 adders
  An ooze (D:5)
  3 adder skeletons
  2 adder zombies (D:2)
  4 worms
  4 dart slugs
  4 leopard geckos
  12 orcs
  6 bats
  4 bat skeletons (D:2)
  3 bat zombies
  6 giant cockroaches
  12 goblins
  5 hobgoblins
  9 jackals
  A quokka (D:5)
  2 ball pythons
  6 frilled lizards
  A jackal skeleton (D:2)
  5 kobolds
  A leopard gecko skeleton (D:2)
  A quokka zombie (D:2)
  3 rats
  A withered plant (D:2)
138 creatures vanquished.

Vanquished Creatures (collateral kills)
  A rat zombie (D:5)
1 creature vanquished.

Vanquished Creatures (others)
  A slave (D:7)
  A bullfrog zombie (D:3)
  An adder (D:3)
  A kobold (D:3)
  A rat (D:3)
5 creatures vanquished.

Grand Total: 144 creatures vanquished

Notes
Turn   | Place    | Note
-------+----------+-------------------------------------------
     0 | D:1      | bombpersons the Mummy Necromancer began the quest for the Orb.
     0 | D:1      | Reached XP level 1. HP: 13/13 MP: 3/3
     2 | D:1      | Learned a level 1 spell: Animate Skeleton
   353 | D:1      | Reached XP level 2. HP: 8/19 MP: 0/5
  1410 | D:2      | Reached XP level 3. HP: 16/24 MP: 0/7
  1825 | D:2      | Reached XP level 4. HP: 29/30 MP: 3/8
  2339 | D:2      | Reached skill level 5 in Necromancy
  3229 | D:3      | Found a runed door.
  3233 | D:3      | Noticed Crazy Yiuf
  3243 | D:3      | Killed Crazy Yiuf
  3243 | D:3      | Reached XP level 5. HP: 26/35 MP: 3/10
  3398 | D:3      | Noticed a human
  3579 | D:3      | Found a runed door.
  3600 | D:3      | Found a basalt altar of Yredelemnul.
  3968 | D:3      | Reached skill level 1 in Fighting
  3977 | D:3      | Reached XP level 6. HP: 17/43 MP: 4/12
  4330 | D:3      | Learned a level 4 spell: Animate Dead
  4335 | D:3      | Learned a level 4 spell: Control Undead
  4339 | D:3      | Learned a level 3 spell: Vampiric Draining
  4350 | D:4      | Reached skill level 1 in Staves
  4351 | D:4      | Found a bloodstained altar of Trog.
  4581 | D:4      | Found a staircase to the Ecumenical Temple.
  4589 | Temple   | Entered the Ecumenical Temple
  4632 | Temple   | Became a worshipper of Gozag Ym Sagoz the Greedy
  4663 | D:4      | Found a stormy altar of Qazlal.
  4786 | D:4      | Reached skill level 6 in Necromancy
  5715 | D:5      | Entered Level 5 of the Dungeon
  5764 | D:5      | Found a faded altar of an unknown god.
  5764 | D:5      | Found a faded altar of an unknown god.
  5773 | D:5      | Found a hazy altar of Hepliaklqana.
  5776 | D:5      | Found a faded altar of an unknown god.
  5778 | D:5      | Found a faded altar of an unknown god.
  5844 | D:5      | Noticed a sky beast
  5861 | D:5      | Found a blossoming altar of Fedhas.
  5932 | D:5      | Killed a sky beast
  5932 | D:5      | Reached XP level 7. HP: 19/50 MP: 12/14
  6145 | D:5      | Found a shimmering altar of Xom.
  6150 | D:5      | Found a white marble altar of Elyvilon.
  6459 | D:5      | Reached skill level 5 in Spellcasting
  6768 | D:5      | Found an ancient bone altar of Kikubaaqudgha.
  7990 | D:6      | Reached skill level 7 in Necromancy
  8014 | D:6      | Found a radiant altar of Vehumet.
  8101 | D:6      | Reached XP level 8. HP: 52/58 MP: 16/16
  9062 | D:7      | Noticed no0bjke's ghost (novice DECj)
  9413 | D:7      | Noticed Pikel
  9434 | D:7      | Killed Pikel
  9434 | D:7      | Reached skill level 8 in Necromancy
  9434 | D:7      | Reached XP level 9. HP: 45/65 MP: 15/19
  9518 | D:7      | HP: 3/65 [no0bjke's ghost/magic dart (12)]
  9518 | D:7      | Killed from afar by no0bjke's ghost

Skill      XL: |  1  2  3  4  5  6  7  8 |
---------------+-------------------------+-----
Spellcasting   | 3 4 5 6 |  6.9
Necromancy     | 5 6 7 8 |  8.2
Fighting       | 1 2 3 4 |  4.2
Staves         | 1 2 3 |  3.2
Dodging        | |  1.5
Stealth        | |  1.5

Action                   |  1- 3 |  4- 6 |  7- 9 || total
-------------------------+-------+-------+-------++-------
Melee: Short sword       |    40 |   158 |       ||   198
       Quarterstaff      |       |    67 |   116 ||   183
Throw: Stone             |     1 |     5 |     1 ||     7
 Cast: Pain              |    51 |   111 |    63 ||   225
       Animate Skeleton  |     1 |     1 |       ||     2
       Control Undead    |       |     3 |    11 ||    14
       Vampiric Draining |       |     2 |     7 ||     9
       Animate Dead      |       |     1 |       ||     1
Invok: Potion Petition   |       |     1 |     1 ||     2
Evoke: Wand              |       |       |    11 ||    11
  Use: Scroll            |     2 |     2 |    10 ||    14
 Stab: Confused          |       |     1 |       ||     1
       Invisible         |       |     2 |       ||     2
       Sleeping          |       |       |     1 ||     1
       Paralysed         |       |       |     3 ||     3
Armor: Robe              |    13 |    45 |    36 ||    94
Dodge: Dodged            |    45 |   150 |   113 ||   308
